AoeStats
← jcsoriano1

Arabia

509504075Analyzed
1v1 RM · 4d ago on Sep 27, 2026· 57m 12s· 2 players
Game mode
Random Map
Map size
Tiny (2 player)
Population
200
Speed
Normal
Resources
Standard
Victory
Conquest
Starting age
Dark Age
Ending age
Imperial Age
RankedLock teamsTeams togetherTeam positionsShared explorationLock speedFull tech treeHidden civsTurbo modeCheats
Victory
Defeat
🇧🇷 Byzantines · Brazil
949
+14
🇲🇽 Chinese · Mexico
906
-14
jcsoriano1
6:43 Loom
10:10 Feudal Age
10:57 Double-Bit Axe
14:37 Fletching
17:06 Padded Archer Armor
23:33 Castle Age
22:15 Gold Mining
22:11 Horse Collar
24:02 Bloodlines
24:53 Scale Barding Armor
26:39 Husbandry
27:35 Forging
29:05 Chain Barding Armor
30:44 Iron Casting
30:39 Elite Skirmisher
32:35 Heavy Plow
32:51 Bow Saw
36:45 Bodkin Arrow
38:03 Wheelbarrow
38:03 Town Watch
40:28 Leather Archer Armor
40:49 Hand Cart
41:17 Town Patrol
44:34 Gold Shaft Mining
44:31 Ballistics
46:54 Imperial Age
46:55 Light Cavalry
48:21 Ring Archer Armor
48:31 Bracer
51:13 Heavy Plow
51:38 Conscription
53:40 Blast Furnace
53:23 Stone Mining
56:58 Plate Barding Armor
56:58 Pikeman
nobre0
6:00 Loom
6:46 Loom
9:44 Feudal Age
10:18 Double-Bit Axe
12:58 Wheelbarrow
22:24 Castle Age
22:30 Fletching
22:28 Elite Skirmisher
23:48 Bow Saw
24:20 Bodkin Arrow
24:27 Scale Mail Armor
26:06 Pikeman
27:01 Forging
29:15 Iron Casting
29:41 Gold Mining
32:49 Gold Shaft Mining
32:44 Squires
34:49 Stone Mining
39:57 Imperial Age
37:31 Padded Archer Armor
37:48 Horse Collar
39:01 Scale Barding Armor
39:14 Chain Mail Armor
39:16 Leather Archer Armor
40:19 Scale Barding Armor
40:09 Halberdier
42:09 Bracer
42:53 Conscription
44:22 Heavy Plow
45:11 Chain Barding Armor
47:18 Chemistry
49:14 Plate Mail Armor
49:15 Ring Archer Armor
49:20 Plate Barding Armor
50:35 Ballistics
50:11 Murder Holes
50:42 Hand Cart
50:48 Capped Ram
52:02 Thumb Ring
53:20 Stone Shaft Mining
54:30 Elite Cataphract
Connection lost

Rejoining the realm…

Still unreachable

The connection could not be restored.

Session expired

The server has moved on; the page needs a fresh start.